 Dungeon Crawl Stone Soup version 0.27-a0-1083-gcf8293e1eb (webtiles) character file.

Game seed: 15704297282975369878

3 EnegeticOcto the Magician (level 1, 0/15 HPs)
             Began as a Djinni Air Elementalist on Apr 26, 2021.
             Slain by a dart slug (2 damage)
             ... on level 1 of the Dungeon.
             The game lasted 00:00:26 (87 turns).

EnegeticOcto the Magician (Djinni Air Elementalist)   Turns: 87, Time: 00:00:26

Health: 0/15       AC:  2    Str:  7    XL:     1   Next: 50%
Gold:   0          EV: 12    Int: 16    God:
                   SH:  0    Dex: 13

rFire    + + .     SeeInvis .   (no weapon)
rCold    x . .     Faith    .   (no shield)
rNeg     . . .     Spirit   .   a - +0 robe
rPois    ∞         Reflect  .   (no helmet)
rElec    .         Harm     .   (no cloak)
rCorr    .         Rampage  .   (no gloves)
Will     .....                  (boots unavailable)
Stlth    ++........             (no amulet)
HPRegen  0.05/turn              (no ring)
MPRegen  0.00/turn              (no ring)

@: flying
A: fire resistance 2, cold vulnerability 1, float, innate caster, hp casting,
extra vitality 1
a: no special abilities


You were on level 1 of the Dungeon.
You visited 1 branch of the dungeon, and saw 1 of its levels.

Inventory:

Armour
 a - a +0 robe (worn)
Scrolls
 b - a scroll of fear {unknown}


   Skills:
 - Level 2.1 Dodging
 - Level 1.5 Stealth
 + Level 2.9 Spellcasting


You couldn't memorise any spells.
You knew the following spells:

 Your Spells              Type           Power      Damage    Failure   Level
a - Shock                 Conj/Air       44%        1d5       6%          1
b - Static Discharge      Conj/Air       11%        N/A       9%          2
c - Airstrike             Air            5%         N/A       50%         4
d - Lightning Bolt        Conj/Air       5%         1d17      85%         5
V - Swiftness             Air            11%        N/A       17%         3
Your spell library was empty.

Dungeon Overview and Level Annotations

Branches:
Dungeon (1/15)

Altars:


Innate Abilities, Weirdness & Mutations

You are immune to poison.
Your flesh is very heat resistant. (rF++)
You are vulnerable to cold. (rC-)
You float through the air rather than walking.
You learn spells naturally, not from books.
Your magical power is your life essence.
You have superior vitality. (+4 HP)


Message History

Welcome, EnegeticOcto the Djinni Air Elementalist.
It is said that the Orb of Zot exists deep within this dungeon.
Press ? for a list of commands and other information.
Found an escape hatch in the floor.
Found a staircase leading out of the dungeon.
You begin with the following spells memorised: Shock, Static Discharge, Swiftness, Airstrike, Lightning Bolt.
There is a dry fountain, spattered with blood here.
Found 8 sling bullets.
You see here 8 sling bullets.
Found a scroll labelled OKIMUVITEG.
A rat and 2 jackals come into view.
There are monsters nearby!
The jackal barks! x2
The rat bites you.
Cast which spell? (? or * to list)
Aiming: Shock (safe; 6% risk of failure)
Press: ? - help, Shift-Dir - straight line, f - rat
Aim: a rat (68% to hit)
The zap hits the rat.
The rat is heavily wounded.
The zap hits the jackal.
The jackal is severely wounded.
The zap hits the jackal.
The jackal is heavily wounded.
The rat closely misses you.
Casting: Shock (safe; 6% risk of failure)
Confirm with . or Enter, or press ? or * to list all spells.
Aiming: Shock (safe; 6% risk of failure)
Press: ? - help, Shift-Dir - straight line, f/p - rat
Aim: a rat (heavily wounded, 68% to hit)
The zap hits the rat.
You kill the rat!
The zap misses the jackal.
The zap hits the jackal but does no damage.
The jackal is heavily wounded.
The jackal bites you.
Casting: Shock (safe; 6% risk of failure)
Confirm with . or Enter, or press ? or * to list all spells.
Aiming: Shock (safe; 6% risk of failure)
Press: ? - help, Shift-Dir - straight line, f - jackal
Aim: a jackal (severely wounded, 60% to hit)
The zap hits the jackal.
You kill the jackal!
The zap hits the jackal.
You kill the jackal!
b - a scroll labelled OKIMUVITEG You see here a rat corpse.
You reach down and open the door.
There is an open door here.
As you open the door, it creaks loudly!
There is an open door here.
A dart slug comes into view.
The dart slug moves out of view.
Found a scroll labelled VELINTUOGYC.
Casting: Shock (safe; 6% risk of failure)
Confirm with . or Enter, or press ? or * to list all spells.
Aiming: Shock (safe; 6% risk of failure)
Press: ? - help, Shift-Dir - straight line, f - dart slug
Aim: a dart slug (100% to hit)
The zap hits the dart slug.
The dart slug is moderately wounded.
Casting: Shock (safe; 6% risk of failure)
Confirm with . or Enter, or press ? or * to list all spells.
Aiming: Shock (safe; 6% risk of failure)
Press: ? - help, Shift-Dir - straight line, f/p - dart slug
Aim: a dart slug (moderately wounded, 100% to hit)
The zap hits the dart slug.
The dart slug is heavily wounded.
The dart slug launches a dart at you. The slug dart hits you.
Casting: Shock (safe; 6% risk of failure)
Confirm with . or Enter, or press ? or * to list all spells.
Aiming: Shock (safe; 6% risk of failure)
Press: ? - help, Shift-Dir - straight line, f/p - dart slug
Aim: a dart slug (heavily wounded, 100% to hit)
The zap hits the dart slug.
The dart slug is heavily wounded.
The dart slug launches a dart at you. The slug dart hits you.
* * * LOW HITPOINT WARNING * * *
Casting: Shock (safe; 6% risk of failure)
Confirm with . or Enter, or press ? or * to list all spells.
You don't have enough health to cast this spell.
The dart slug launches a dart at you. The slug dart misses you.
The dart slug bites you.
You die...

#####.######.......
#........# ##.....#
#.###.##.# ##...##
#. #.# # #+##
#.###.# #.#...##.##
#.#.........
#.#..###.##.
#.@w.......
###..#.###?.
#...... ##.#.#.#
#.#..... .# #### ..
#


You could see a dart slug.

Vanquished Creatures
  2 jackals (D:1)
  A rat (D:1)
3 creatures vanquished.

Notes
Turn   | Place    | Note
-------+----------+-------------------------------------------
     0 | D:1      | EnegeticOcto the Djinni Air Elementalist began the quest
                  | for the Orb.
     0 | D:1      | Reached XP level 1. HP: 15/15 MP: 0/0
    87 | D:1      | Slain by a dart slug

Illustrated notes

Levels and vault maps discovered:
D:1:      amcnicky_arrival_gap_in_the_tavern_cellar, layout_loops_corners,
          serial_shops, nicolae_shop_window_shopping,
          ebering_ecumenical_altar_sacrificial, nrook_mini_vaults

Action                   || total
-------------------------++-------
 Cast: Shock             ||     6
Dodge: Dodged            ||     2

Table legend: (Time is in decaauts)
 A = Elapsed time spent in this place.
 B = Non-inter-level travel time spent in this place.
 C = Inter-level travel time spent in this place.
 D = Time resting spent in this place.
 E = Time spent auto-exploring this place.
 F = Levels seen in this place.
 G = Mean time per level.
                   A        B        C        D        E       F      G
               +--------+--------+--------+--------+--------+-----+--------+
         Total |     87 |     87 |      0 |      0 |      0 |   1 |   87.0 |
       Dungeon |     87 |     87 |      0 |      0 |      0 |   1 |   87.0 |
               +--------+--------+--------+--------+--------+-----+--------+

Top non-repeatable levels by time:
     D:1: 87 daAuts
